 Dungeon Crawl Stone Soup version 0.26.1-10-gdfb7c7de75 (webtiles) character file.

Game seed: 5397401062549728654

750 MalarOregon the Gusty (level 8, -1/51 HPs)
             Began as a Halfling Air Elementalist on Apr 4, 2021.
             Was an Initiate of Fedhas.
             Shot with an arrow by a centaur (16 damage)
             ... on level 5 of the Dungeon.
             The game lasted 00:11:52 (7465 turns).

MalarOregon the Gusty (Halfling Air Elementalist)   Turns: 7465, Time: 00:11:53

Health: -1/51      AC:  4    Str: 11    XL:     8   Next: 6%
Magic:  11/12      EV: 16    Int: 13    God:    Fedhas [......]
Gold:   209        SH:  0    Dex: 15    Spells: 7/12 levels left

rFire    . . .     SeeInvis .   c - +0 spear
rCold    . . .     Faith    .   (shield restricted)
rNeg     . . .     Spirit   .   a - +0 robe
rPois    .         Reflect  .   (no helmet)
rElec    .         Harm     .   u - +0 cloak
rCorr    .         Rampage  .   j - +0 pair of gloves
Will     +....                  (no boots)
Stlth    ++++......             (no amulet)
HPRegen  0.17/turn              f - ring of willpower
MPRegen  0.13/turn              k - ring of stealth

@: no status effects
A: small, mutation resistance 1
a: Renounce Religion


You were on level 5 of the Dungeon.
You worshipped Fedhas.
Fedhas was noncommittal.
You visited 1 branch of the dungeon, and saw 5 of its levels.

You collected 209 gold pieces.

Inventory:

Hand Weapons
 c - a +0 spear (weapon)
   (You took it off a gnoll on level 1 of the Dungeon)
Missiles
 i - 32 poisoned darts
Armour
 a - a +0 robe (worn)
 j - a +0 pair of gloves (worn)
   (You found it on level 2 of the Dungeon)
 u - a +0 cloak (worn)
   (You found it on level 4 of the Dungeon)
Jewellery
 f - a ring of willpower (left hand)
   (You found it on level 1 of the Dungeon)
 k - a ring of stealth (right hand)
   (You found it on level 2 of the Dungeon)
 s - an uncursed ring of ice
   (You found it on level 4 of the Dungeon)
Scrolls
 b - 4 scrolls of enchant weapon {unknown}
 d - 6 scrolls of identify {unknown}
 e - 2 scrolls of enchant armour {unknown}
 l - 3 scrolls of remove curse {unknown}
 m - a scroll of blinking {unknown}
 r - 2 scrolls of magic mapping {unknown}
Potions
 g - a potion of ambrosia {unknown}
 h - 4 potions of curing {unknown}
 n - a potion of cancellation {unknown}
 o - 2 potions of heal wounds {unknown}
 p - 2 potions of invisibility {unknown}
 q - a potion of degeneration {unknown}
 t - a potion of berserk rage {unknown}


   Skills:
 + Level 2.5 Fighting
 + Level 2.3 Polearms
 + Level 3.2 Armour
 + Level 4.0 Dodging
 + Level 4.2 Stealth
 + Level 2.8 Spellcasting
 - Level 0.7 Conjurations
 + Level 4.4 Air Magic
 + Level 0.1 Invocations


You had 7 spell levels left.
You knew the following spells:

 Your Spells              Type           Power        Failure   Level
a - Shock                 Conj/Air       32%          9%          1
b - Airstrike             Air            6%           36%         4

Your spell library contained the following spells:

 Spells                   Type           Power        Failure   Level
 Swiftness                Air            13%          6%          2
 Magic Dart               Conj           12%          17%         1
 Static Discharge         Conj/Air       8%           24%         3
 Blink                    Tloc           N/A          34%         2
 Call Imp                 Summ           1%           34%         2
 Slow                     Hex            1%           34%         2
 Mephitic Cloud           Conj/Pois/Air  6%           34%         3
 Conjure Flame            Conj/Fire      2%           52%         3
 Lightning Bolt           Conj/Air       4%           92%         5


Dungeon Overview and Level Annotations

Branches:
Dungeon (5/15)
 Temple: D:4-7

Altars:
Ashenzari
Dithmenos
Elyvilon
Fedhas
Gozag
Hepliaklqana
Makhleb
Nemelex Xobeh
Okawaru
Xom
Yredelemnul


Innate Abilities, Weirdness & Mutations

You are small and have problems with some larger weapons.
You are somewhat resistant to further mutation.


Message History

You climb upwards.
There is a stone staircase leading down here.
There is a stone staircase leading down here.
You climb downwards.
Found a robe, 19 bolts and 29 gold pieces.
There is a stone staircase leading up here.
You can't see any susceptible monsters within range! (Use Z to cast anyway.)
An ufetubus comes into view.
An ufetubus is nearby!
The zap hits the ufetubus.
The ufetubus shouts!
The zap hits the ufetubus.
You kill the ufetubus!
Fedhas accepts your kill.
You can't see any susceptible monsters within range! (Use Z to cast anyway.)
You can't see any susceptible monsters within range! (Use Z to cast anyway.)
You can't see any susceptible monsters within range! (Use Z to cast anyway.)
You now have 197 gold pieces (gained 17).
You can't see any susceptible monsters within range! (Use Z to cast anyway.)
You now have 209 gold pieces (gained 12).
Found 19 arrows.
Found a pair of boots. 2 orcs come into view.
You miscast Shock.
You are very lightly contaminated with residual magic.
Nothing appears to happen.
The orc shouts!
An orc comes into view. It is wielding a +0 flail.
The zap hits the orc.
The orc shouts!
You hear a shout! x3
A jackal comes into view.
A jackal comes into view.
A centaur comes into view.
The centaur wields a +0 shortbow.
The centaur shoots an arrow.
The arrow hits you!
Found a stone staircase leading down.
You see here an arrow.
The centaur shoots an arrow.
The arrow hits you!
Your magical contamination has completely faded away.
The centaur shoots an arrow.
The arrow barely misses you.
The centaur shoots an arrow.
The arrow hits you.
* * * LOW HITPOINT WARNING * * *
You see here an arrow.
The centaur shoots an arrow.
The arrow misses you.
The centaur shoots an arrow.
The arrow hits you!
* * * LOW HITPOINT WARNING * * *
You see here an arrow.
The centaur shoots an arrow.
The arrow hits you!
You die...
Fedhas appreciates your contribution to the ecosystem.

.......## .....>..
...... #.c...#
h......####.....
#....(...##....#
.........##....####+####
....o....##.......[...(#
....o...##..(.(@..<...#
#...oooo(.(.(........#
#....................#
#............#########
#......#...........#
#[.....#...........#
#......#...........#
#......#...........#
########...........#


You could see a centaur and an orc.

Vanquished Creatures
  A phantom (D:4)
  A scorpion (D:3)
  2 orc priests (D:3)
  2 hounds (D:4)
  A centaur skeleton (D:4)
  4 orc wizards
  An iguana (D:4)
  4 worker ants
  A gnoll (D:1)
  A howler monkey skeleton (D:4)
  12 adders
  A shadow imp (D:4)
  An ufetubus (D:5)
  An ooze (D:1)
  An adder skeleton (D:4)
  2 worms
  3 leopard geckos
  8 orcs
  2 ball pythons
  10 bats
  5 giant cockroaches
  8 hobgoblins
  4 jackals
  9 kobolds
  2 quokkas (D:2)
  7 frilled lizards
  4 goblins
  A leopard gecko skeleton (D:4)
  10 rats
109 creatures vanquished.

Notes
Turn   | Place    | Note
-------+----------+-------------------------------------------
     0 | D:1      | MalarOregon the Halfling Air Elementalist began the quest
                  | for the Orb.
     0 | D:1      | Reached XP level 1. HP: 11/11 MP: 3/3
   352 | D:1      | Reached XP level 2. HP: 6/18 MP: 0/4
   594 | D:1      | Reached XP level 3. HP: 22/22 MP: 1/5
   998 | D:1      | Reached skill level 1 in Armour
  1109 | D:1      | Found a broken altar of Ashenzari.
  1792 | D:2      | Reached XP level 4. HP: 27/27 MP: 2/6
  1799 | D:2      | Learned a level 4 spell: Airstrike
  2070 | D:2      | Reached skill level 1 in Fighting
  2210 | D:2      | Found a burning altar of Makhleb.
  2614 | D:2      | Reached XP level 5. HP: 27/33 MP: 1/8
  2880 | D:2      | Reached skill level 1 in Polearms
  3228 | D:3      | Found a shimmering altar of Xom.
  3229 | D:3      | Found a hazy altar of Hepliaklqana.
  3230 | D:3      | Noticed a spectral ugly thing
  3564 | D:3      | Reached XP level 6. HP: 29/38 MP: 1/9
  4986 | D:2      | Found a basalt altar of Yredelemnul.
  5549 | D:3      | Reached XP level 7. HP: 43/44 MP: 1/10
  6887 | D:4      | Reached XP level 8. HP: 47/51 MP: 5/12
  7078 | D:4      | Found a white marble altar of Elyvilon.
  7078 | D:4      | Found an opulent altar of Gozag.
  7099 | D:4      | Found a blossoming altar of Fedhas.
  7101 | D:4      | Found a sparkling altar of Nemelex Xobeh.
  7103 | D:4      | Found an iron altar of Okawaru.
  7130 | D:4      | Became a worshipper of Fedhas Madash
  7233 | D:4      | Found a shadowy altar of Dithmenos.
  7389 | D:5      | Entered Level 5 of the Dungeon
  7465 | D:5      | Shot with an arrow by a centaur

Illustrated notes

Levels and vault maps discovered:
D:1:      dpeg_arrival_erosion, layout_basic, nicolae_ashenzari_panopticon
D:2:      layout_loops_ring, nicolae_overflow_hidden_temple, bloody_makhleb
D:3:      layout_basic, regret_index_temple_of_mockery
D:4:      layout_cave_pools, grunt_dithmenos_smoke,
          chequers_temple_overflow_minitemple
D:5:      layout_basic, grunt_ministairs_9, nemelex_lonely_heart_becter

Skill      XL: |  1  2  3  4  5  6  7  8 |
---------------+-------------------------+-----
Armour         | 1 2 3 |  3.2
Fighting       | 1 2 |  2.5
Spellcasting   | 2 |  2.8
Polearms       | 1 2 |  2.3
Dodging        | 3 4 |  4.0
Stealth        | 3 4 |  4.2
Air Magic      | 4 |  4.4
Conjurations   | |  0.7
Invocations    | |  0.1

Action                   |  1- 3 |  4- 6 |  7- 9 || total
-------------------------+-------+-------+-------++-------
Melee: Club              |    20 |       |       ||    20
       Spear             |    26 |   145 |    35 ||   206
 Cast: Shock             |    44 |   158 |   103 ||   305
       Airstrike         |       |       |     3 ||     3
 Stab: Sleeping          |     2 |    10 |       ||    12
Armor: Robe              |    13 |    25 |    12 ||    50
Dodge: Dodged            |    52 |   134 |    83 ||   269
